 Dungeon Crawl Stone Soup version 0.29.1-13-g9f3cf754e1 (webtiles) character file.

Game seed: 17563236141322228270

7937 Rikuski the Spear-Bearer (level 11, -5/104 HPs)
             Began as a Minotaur Berserker on Feb 1, 2023.
             Was a High Priest of Trog.
             Slain by a boulder beetle (15 damage)
             ... on level 9 of the Dungeon on Feb 2, 2023.
             The game lasted 00:35:39 (9118 turns).

Rikuski the Spear-Bearer (Minotaur Berserker)       Turns: 9118, Time: 00:35:40

Health: -5/104     AC: 15    Str: 27    XL:     11   Next: 3%
Magic:  0/10       EV: 11    Int:  4    God:    Trog [*****.]
Gold:   287        SH:  0    Dex:  9    Spells: 10/10 levels left

rFire   . . .      SeeInvis .   g - +6 bardiche
rCold   . . .      Faith    .   (shield currently unavailable)
rNeg    . . .      Spirit   +   b - +0 scale mail
rPois   +          Reflect  .   (helmet restricted)
rElec   .          Harm     .   h - +2 cloak
rCorr   .          Rampage  .   j - +0 pair of gloves
Will    .....                   H - +0 pair of boots
Stlth   ..........              O - amulet of guardian spirit
HPRegen 0.27/turn               K - ring of poison resistance
MPRegen 0.12/turn               (no ring)

@: no status effects
A: horns 2, retaliatory headbutt
a: Renounce Religion, Berserk, Trog's Hand, Brothers in Arms


You were on level 9 of the Dungeon.
You worshipped Trog.
Trog was extremely pleased with you.
You visited 1 branch of the dungeon, and saw 9 of its levels.

You collected 553 gold pieces.
You spent 266 gold pieces at shops.

Inventory:

Hand Weapons
 g - a +6 bardiche (weapon)
 Y - a +2 trident of protection
Missiles
 i - 31 poisoned darts (quivered)
 V - a curare-tipped dart
Armour
 b - a +0 scale mail (worn)
 h - a +2 cloak (worn)
 j - a +0 pair of gloves (worn)
 q - a +0 buckler
 H - a +0 pair of boots (worn)
Jewellery
 K - a ring of poison resistance (left hand)
 O - an amulet of guardian spirit (around neck)
Scrolls
 a - a scroll of brand weapon {unknown}
 c - 5 scrolls of teleportation
 e - a scroll of enchant armour {unknown}
 f - a scroll of silence {unknown}
 l - 3 scrolls of blinking {unknown}
 m - 2 scrolls of immolation {unknown}
 n - 8 scrolls of identify
 p - 2 scrolls of magic mapping {unknown}
 s - a scroll of poison {unknown}
 y - a scroll of fog {unknown}
 z - a scroll of torment {unknown}
 C - a scroll of noise {unknown}
 D - a scroll of amnesia {unknown}
 E - 2 scrolls of fear {unknown}
 G - 2 scrolls of acquirement {unknown}
 R - 2 scrolls of enchant weapon {unknown}
Potions
 d - 2 potions of might
 t - a potion of curing
 u - a potion of resistance
 v - a potion of invisibility
 w - 2 potions of lignification
 B - 2 potions of mutation
 F - a potion of haste
 L - 2 potions of attraction
 P - 2 potions of magic


   Skills:
 + Level 12.2 Fighting
 + Level 12.2 Polearms
 + Level 11.9 Armour
 - Level 2.9 Dodging


You had 10 spell levels left.
You didn't know any spells.
Your spell library was empty.

Dungeon Overview and Level Annotations

Branches:
Dungeon (9/15)             Temple (0/1) D:6
   Lair: D:8-11         Orc: D:9-12

Altars:
Dithmenos
Sif Muna
Trog
The Shining One

Shops:
D:4 ?   D:5 :   D:7 ?


Innate Abilities, Weirdness & Mutations

You have a pair of horns on your head.
You reflexively headbutt those who attack you in melee.


Message History

You hit the boulder beetle but do no damage.
You headbutt the boulder beetle, but do no damage.
The boulder beetle closely misses you. You furiously retaliate!
You headbutt the boulder beetle, but do no damage.
You slash the boulder beetle!
The boulder beetle is lightly wounded.
The boulder beetle barely misses you.
You hit the boulder beetle but do no damage.
The boulder beetle is lightly wounded.
The boulder beetle barely misses you. You furiously retaliate!
You headbutt the boulder beetle. You completely miss the boulder beetle.
Your headbutt misses the boulder beetle.
The boulder beetle is lightly wounded.
The boulder beetle leaps!
The boulder beetle curls into a ball and begins rolling!
You slice the boulder beetle!!
You headbutt the boulder beetle, but do no damage.
The boulder beetle is heavily wounded.
The boulder beetle hits you!!
The boulder beetle stops rolling and uncurls.
The boulder beetle bites you!!
You are too injured to fight recklessly!
You are too injured to fight recklessly!
You are too injured to fight recklessly!
You are too injured to fight recklessly!
You are too injured to fight recklessly!
You are too injured to fight recklessly!
You are too injured to fight recklessly!
You are too injured to fight recklessly!
You are too injured to fight recklessly!
You feel better. The boulder beetle bites you!
* * * LOW HITPOINT WARNING * * *
You hit the boulder beetle but do no damage.
The boulder beetle is moderately wounded.
The boulder beetle bites you!!
* * * LOW HITPOINT WARNING * * *
The boulder beetle curls into a ball and begins rolling!
The boulder beetle hits you!
You die...

#..............###.)....#
#.§§......###.....)###....
##§........#.....)..# .
#####..#..#..#..#.)#
#...#######..####
##...#..#..#°.#.)#
##.......#..°.....#
..........###B.....##
............@..###.)....#
................# .......
......:......#..# .#..#..
.............#### ##..# #
.............# .#
.............. .
............. ..
............. .>.##.......


You could see a boulder beetle (rolling).

Vanquished Creatures
  2 two-headed ogres
  An ugly thing (D:9)
  A cyclops (D:8)
  A troll (D:9)
  Grinder (D:3)
  Sigmund (D:3)
  A shadow (D:9)
  A wraith (D:9)
  2 wyverns
  2 yaks
  2 steam dragons
  Menkaure (D:6)
  A water moccasin (D:7)
  Duvessa (D:6)
  5 ice beasts
  3 orc warriors
  A sky beast (D:6)
  2 ogres (D:5)
  A wolf (D:8)
  5 centaurs
  4 kobold brigands
  Blork the orc (D:6)
  6 bullfrogs
  4 necrophages
  3 scorpions
  2 wyvern zombies (D:6)
  3 wights (D:7)
  Dowan (D:6)
  4 killer bees (D:9)
  3 howler monkeys (D:9)
  3 jellies
  2 centaur zombies (D:6)
  A wyvern simulacrum (D:8)
  2 hounds (D:5)
  A bullfrog skeleton (D:6)
  2 iguanas (D:5)
  Crazy Yiuf (D:5)
  5 orc wizards
  A centaur simulacrum (D:8)
  A gnoll (D:4)
  7 adders
  3 shadow imps
  2 white imps
  3 ufetubi (D:8)
  A dart slug (D:3)
  20 orcs
  8 ball pythons
  11 endoplasms
  5 giant cockroaches
  6 goblins
  6 hobgoblins
  5 jackals
  5 quokkas
  4 bats
  5 frilled lizards
  24 kobolds
  7 rats
207 creatures vanquished.

Vanquished Creatures (others)
  A plant (D:4)
1 creature vanquished.

Grand Total: 208 creatures vanquished

Notes
Turn   | Place    | Note
-------+----------+-------------------------------------------
     0 | D:1      | Rikuski the Minotaur Berserker began the quest for the Orb.
     0 | D:1      | Reached XP level 1. HP: 19/19 MP: 0/0
   195 | D:1      | Reached XP level 2. HP: 27/27 MP: 1/1
   358 | D:1      | Found a faded altar of an unknown god.
   983 | D:2      | Reached XP level 3. HP: 31/33 MP: 2/2
  1099 | D:2      | Reached ** piety under Trog
  1534 | D:3      | Reached XP level 4. HP: 38/41 MP: 3/3
  1848 | D:3      | Noticed Grinder
  1871 | D:3      | Paralysed by Grinder for 2 turns
  1879 | D:3      | Killed Grinder
  1880 | D:3      | Reached skill level 5 in Fighting
  1880 | D:3      | Reached skill level 5 in Polearms
  1880 | D:3      | Reached XP level 5. HP: 48/48 MP: 4/4
  1880 | D:3      | Reached XP level 6. HP: 56/56 MP: 5/5
  1980 | D:3      | Noticed Sigmund
  1990 | D:3      | Killed Sigmund
  1991 | D:3      | Reached skill level 5 in Armour
  2362 | D:4      | Found a bloodstained altar of Trog.
  2728 | D:4      | Found Ohear's Magic Scroll Emporium.
  3111 | D:4      | Bought a scroll of identify for 28 gold pieces
  3111 | D:4      | Bought a scroll of identify for 28 gold pieces
  3111 | D:4      | Bought a scroll of identify for 28 gold pieces
  3111 | D:4      | Bought a scroll of identify for 28 gold pieces
  3111 | D:4      | Bought a scroll of identify for 28 gold pieces
  3442 | D:5      | Entered Level 5 of the Dungeon
  3442 | D:5      | Noticed Crazy Yiuf
  3442 | D:5      | Found a runed translucent door.
  3449 | D:5      | Killed Crazy Yiuf
  3450 | D:5      | Reached XP level 7. HP: 54/63 MP: 6/6
  3867 | D:5      | Noticed a two-headed ogre
  3868 | D:5      | Found a shimmering blue altar of Sif Muna.
  3874 | D:5      | Killed a two-headed ogre
  3875 | D:5      | Reached XP level 8. HP: 74/74 MP: 7/7
  4350 | D:5      | Reached *** piety under Trog
  4582 | D:5      | Found Ofecsub's Book Boutique.
  4626 | D:5      | Found a glowing golden altar of the Shining One.
  4899 | D:6      | Noticed Blork the orc
  4908 | D:6      | Killed Blork the orc
  5090 | D:6      | Reached XP level 9. HP: 57/82 MP: 8/8
  5265 | D:6      | Noticed Menkaure
  5281 | D:6      | Killed Menkaure
  6020 | D:6      | Found a staircase to the Ecumenical Temple.
  6245 | D:6      | Noticed Duvessa
  6245 | D:6      | Noticed Dowan
  6252 | D:6      | Killed Duvessa
  6258 | D:6      | Killed Dowan
  6872 | D:7      | Found Torchac's Magic Scroll Boutique.
  6970 | D:7      | Reached skill level 10 in Polearms
  6975 | D:7      | Reached skill level 10 in Fighting
  7227 | D:7      | Bought a scroll of identify for 28 gold pieces
  7227 | D:7      | Bought a scroll of identify for 28 gold pieces
  7227 | D:7      | Bought a scroll of identify for 28 gold pieces
  7227 | D:7      | Bought a scroll of teleportation for 42 gold pieces
  7434 | D:8      | Noticed a cyclops
  7442 | D:8      | Killed a cyclops
  7443 | D:8      | Reached skill level 10 in Armour
  7527 | D:8      | Reached XP level 10. HP: 76/94 MP: 7/9
  7667 | D:8      | Reached **** piety under Trog
  8499 | D:9      | Found a shadowy altar of Dithmenos.
  8861 | D:9      | Noticed a red ugly thing
  8864 | D:9      | Noticed a two-headed ogre
  8874 | D:9      | Killed a red ugly thing
  8881 | D:9      | Killed a two-headed ogre
  8881 | D:9      | Reached ***** piety under Trog
  8895 | D:9      | Received a gift from Trog
  8943 | D:9      | Reached XP level 11. HP: 81/104 MP: 8/10
  9100 | D:9      | Noticed a boulder beetle
  9118 | D:9      | Slain by a boulder beetle

Illustrated notes

Levels and vault maps discovered:
D:1:      ncdulo_lavacross, layout_loops_ring,
          dreamdust_ecumenical_altar_angels_and_demons
D:2:      layout_rooms
D:3:      layout_basic, feat_on_display, uniq_grinder, uniq_sigmund
D:4:      layout_basic, marbit_many_paths, serial_shops,
          nicolae_shop_hallway_stairs, serial_bayou_pond_b,
          chequers_serial_rivers_micro_b
D:5:      layout_loops_ring, serial_shops, kennysheep_little_box,
          hangedman_feature_mirror, uniq_crazy_yiuf_cottage
D:6:      layout_loops_ring, temple_hall, serial_undead, serial_undead_d,
          serial_undead_c, serial_undead_d, serial_undead_b, uniq_blork_the_orc,
          uniq_duvessa, uniq_menkaure
D:7:      layout_rooms, serial_shops, nicolae_shop_trees,
          minmay_misc_feat_enclosed
D:8:      layout_gridville, serial_ice, serial_ice_c, serial_ice_o,
          serial_ice_g, serial_ice_b, minmay_fractal_squares_gapless_5
D:9:      hangedman_cross_cluster, layout_rooms, grunt_dithmenos_smoke

Skill      XL: |  1  2  3  4  5  6  7  8  9 10 |
---------------+-------------------------------+-----
Fighting       | 4 5 6 7 8 10 12 | 12.2
Polearms       | 4 5 6 7 8 10 12 | 12.2
Armour         | 3 4 5 7 8 10 11 | 11.9
Dodging        | |  2.9

Action                   |  1- 3 |  4- 6 |  7- 9 | 10-12 || total
-------------------------+-------+-------+-------+-------++-------
Melee: Spear             |   113 |    99 |   306 |    15 ||   533
       Headbutt          |    15 |    12 |    44 |    38 ||   109
       Punch             |     1 |       |       |       ||     1
       Trident           |       |       |       |   201 ||   201
       Bardiche          |       |       |       |     9 ||     9
Throw: Dart              |       |       |     1 |       ||     1
Invok: Berserk           |       |       |     7 |     3 ||    10
  Use: Potion            |       |     1 |       |     3 ||     4
       Scroll            |       |       |     9 |       ||     9
 Stab: Sleeping          |     1 |       |       |       ||     1
Armor: Animal skin       |     3 |       |       |       ||     3
       Ring mail         |    25 |     9 |    91 |    42 ||   167
       Scale mail        |       |       |       |    62 ||    62
Dodge: Dodged            |    40 |    33 |    93 |    99 ||   265
Block: Buckler           |     1 |     7 |    22 |    23 ||    53
